Golden Knights vs Flyers (R1)

Created - January 28, 2021 at 19:04

Goals
1 2 3 T
Golden Knights 0 3 0 3
Flyers 0 0 1 1
Shots
1 2 3 T
Golden Knights 8 11 6 25
Flyers 5 12 6 23

1st period

No Goal

Penalties :
Vladimir Mihalik (Vgs) for Charging (Minor) at 2:53, Matt Stajan (Vgs) for Hooking (Minor) at 10:26, Jordan Nolan (Phi) for Hooking (Minor) at 18:50

2nd period

1. Golden Knights , Michael Frolik 26 (Ilya Kovalchuk 17, Andrei Loktionov 28) at 8:16
2. Golden Knights , Wayne Simmonds 9 (Mathew Dumba 12, Chris Tierney 7) at 8:51
3. Golden Knights , Andrei Loktionov 19 (Michael Frolik 26) at 9:05

Penalties :
Mathew Dumba (Vgs) for Tripping (Minor) at 1:45, Brock Nelson (Phi) for Hooking (Minor) at 11:08, Andrei Loktionov (Vgs) for Tripping (Minor) at 15:35

3rd period

4. Flyers , Brian Lashoff 2 (J.T. Miller 21, Matt Smaby 11) at 17:14

Penalties :
J.T. Miller (Phi) for Hooking (Minor) at 0:15, Drew Miller (Phi) for Hooking (Minor) at 0:38, Wayne Simmonds (Vgs) for Hooking (Minor) at 3:00, Ilya Kovalchuk (Vgs) for Hooking (Minor) at 11:03, Erik Christensen (Phi) for Tripping (Minor) at 14:58

Goalie Stats

Ondrej Pavelec (Vgs), 22 saves from 23 shots - (0.957), W, 20-12-4, 60:00 minutes
Steve Mason (Phi), 22 saves from 25 shots - (0.880), L, 19-12-5, 60:00 minutes

Players Stats for Golden Knights

Player Name              G  A  P  +/- PIM S  H  SB GA TA FO     MP     PP MP  PK MP  
------------------------------------------------------------------------------------
Andrei Loktionov         1  1  2   2  2   3  2  0  1  1  10/20  17:44   3:49   0:00 
Chris Higgins            0  0  0   1  0   1  0  1  1  0  1/1    10:28   0:00   0:00 
Chris Tierney            0  1  1   1  0   0  0  0  0  0  5/11   16:08   0:00   5:33 
Ilya Kovalchuk           0  1  1   2  2   2  2  1  0  1  1/1    22:21   4:23   4:16 
Jared Cowen              0  0  0   2  0   2  1  1  0  0  0/0    25:32   4:24   6:01 
Mathew Dumba             0  1  1   0  2   1  0  0  0  2  0/0    21:56   3:55   4:52 
Matt Stajan              0  0  0   0  2   5  2  1  0  1  10/21  14:13   4:26   0:01 
Michael Frolik           1  1  2   2  0   1  0  0  2  0  1/1    17:44   3:49   0:00 
Michael Kostka           0  0  0   0  0   1  2  1  0  2  0/0    17:28   0:00   5:56 
Patrice Cormier          0  0  0  -1  0   1  0  1  0  0  2/6    11:23   0:07   5:33 
Sergei Plotnikov         0  0  0   0  0   1  0  0  0  0  0/0     6:23   3:49   1:29 
Shawn Matthias           0  0  0   0  0   0  5  0  1  0  0/0    15:54   0:00   2:26 
Steve Bernier            0  0  0  -1  0   0  0  1  0  0  0/0     5:49   0:04   0:00 
Vladimir Mihalik         0  0  0   0  2   0  1  2  0  1  0/0    12:18   0:00   0:42 
Vladimir Zharkov         0  0  0   0  0   0  1  0  1  0  1/1    14:01   4:26   0:00 
Wayne Simmonds           1  0  1   0  2   5  3  0  0  0  0/1    15:47   0:04   4:30 
Wes O'Neill              0  0  0   2  0   2  1  3  1  1  0/0    25:15   4:24   6:03 
Zach Bogosian            0  0  0   0  0   0  1  1  1  2  0/0    17:36   3:55   0:14 

Players Stats for Flyers

Player Name              G  A  P  +/- PIM S  H  SB GA TA FO     MP     PP MP  PK MP  
------------------------------------------------------------------------------------
Brian Lashoff            1  0  1  -1  0   1  4  5  1  1  0/0    18:43   0:00   4:16 
Brock Nelson             0  0  0  -1  2   1  0  2  1  1  0/1    10:41   0:00   0:00 
Chris Mcallister         0  0  0   0  0   2  1  0  0  1  3/3    10:53   0:12   3:18 
Drew Miller              0  0  0  -1  2   1  1  0  1  0  1/2    18:16   5:49   3:17 
Erik Christensen         0  0  0  -1  2   1  0  0  0  0  8/10   11:05   0:36   1:05 
J.T. Miller              0  1  1   0  2   3  1  0  1  0  0/1    18:37   5:53   0:07 
Jakub Voracek            0  0  0  -1  0   1  1  0  1  0  0/0    16:48   5:39   0:00 
Jeff Carter              0  0  0   0  0   0  2  0  0  1  9/20   17:48   5:52   0:00 
Jeff Woywitka            0  0  0  -1  0   0  1  2  0  1  0/0    23:58   5:48   4:03 
Jonathan Ericsson        0  0  0   0  0   1  1  2  1  0  0/0    21:43   6:09   4:03 
Jordan Nolan             0  0  0  -1  2   1  3  0  1  0  6/16   20:29   5:26   3:18 
Marcus Kruger            0  0  0   0  0   2  0  0  1  0  1/3    17:39   5:43   0:00 
Mats Zuccarello          0  0  0  -1  0   2  2  0  0  0  0/0     9:23   0:00   0:00 
Matt Smaby               0  1  1  -1  0   0  0  0  2  2  0/0    13:39   0:00   0:00 
Matthew Lombardi         0  0  0   0  0   1  2  0  0  0  4/7    11:09   0:00   3:56 
Nathan Beaulieu          0  0  0  -1  0   1  2  0  0  0  0/0    18:14   5:45   0:00 
Oliver Ekman-Larsson     0  0  0   0  0   3  1  0  1  1  0/0    23:43   6:06   4:16 
Ryan Callahan            0  0  0   0  0   2  3  0  0  0  0/0     7:12   0:32   0:00 

3 Stars

1 - Michael Frolik (Vgs)
2 - Andrei Loktionov (Vgs)
3 - Ondrej Pavelec (Vgs)

Power Play

Golden Knights - 0 on 5 Attempt(s) - 0.00%
Flyers - 0 on 6 Attempt(s) - 0.00%

Penalty Kill

Golden Knights - 6 on 6 Attempt(s) - 100.00% - Score 0 goal in Penalty Kill
Flyers - 5 on 5 Attempt(s) - 100.00% - Score 0 goal in Penalty Kill

Team Stat

Golden Knights - Hits : 21 - Faceoff Wins : 31 - Blocked Shots : 13 - Penalty Minutes : 12
Flyers - Hits : 25 - Faceoff Wins : 32 - Blocked Shots : 11 - Penalty Minutes : 10

Official

Referees : Unknown
Linesman : Unknown

Game Notes

No Game Note

Finance

Level 1 -- Attendance: 4549 (75.82%) -- Ticket Income $568,625
Level 2 -- Attendance: 3766 (75.32%) -- Ticket Income $282,450
Level 3 -- Attendance: 1372 (68.60%) -- Ticket Income $68,600
Level 4 -- Attendance: 2741 (68.53%) -- Ticket Income $109,640
Luxury Box -- Attendance: 608 (60.80%) -- Ticket Income $152,000
Game was played at the Wells Fargo Center.
Total Attendance: 13036 (72.42%)
Total Ticket Income: $1,181,315
Other Income: $177,197
Total Income: $1,358,512

Golden Knights

5 vs 5 Forward 
   Center                   Left Wing                Right Wing               Time % Phy DF OF 
 1 Andrei Loktionov         Ilya Kovalchuk           Michael Frolik           33     1   2  2  
 2 Matt Stajan              Shawn Matthias           Vladimir Zharkov         26     1   2  2  
 3 Chris Tierney            Chris Higgins            Wayne Simmonds           26     1   2  2  
 4 Patrice Cormier          Shawn Matthias           Steve Bernier            15     1   2  2  

5 vs 5 Defense 
   Defense                  Defense                                           Time % Phy DF OF 
 1 Zach Bogosian            Mathew Dumba                                      35     1   2  2  
 2 Wes O'Neill              Jared Cowen                                       35     1   2  2  
 3 Vladimir Mihalik         Michael Kostka                                    30     1   2  2  
 4 Zach Bogosian            Jared Cowen                                       0      1   2  2  

PowerPlay Forward 
   Center                   Left Wing                Right Wing               Time % Phy DF OF 
 1 Andrei Loktionov         Sergei Plotnikov         Michael Frolik           50     1   2  2  
 2 Matt Stajan              Ilya Kovalchuk           Vladimir Zharkov         50     1   2  2  

PowerPlay Defense
   Defense                  Defense                                           Time % Phy DF OF 
 1 Zach Bogosian            Mathew Dumba                                      50     1   2  2  
 2 Wes O'Neill              Jared Cowen                                       50     1   2  2  

Penalty Kill 4 Players Forward 
   Center                   Wing                     Time % Phy DF OF 
 1 Chris Tierney            Ilya Kovalchuk           50     1   2  2  
 2 Patrice Cormier          Wayne Simmonds           50     1   2  2  

Penalty Kill 4 Players Defense
   Defense                  Defense                  Time % Phy DF OF 
 1 Wes O'Neill              Jared Cowen              50     1   2  2  
 2 Michael Kostka           Mathew Dumba             50     1   2  2  

Penalty Kill - 3 Players Forward 
   Forward                                           Time % Phy DF OF 
 1 Ilya Kovalchuk                                    60     1   2  2  
 2 Chris Higgins                                     40     1   2  2  

Penalty Kill - 3 Players Defense
   Defense                  Defense                  Time % Phy DF OF 
 1 Vladimir Mihalik         Jared Cowen              69     1   2  2  
 2 Michael Kostka           Wes O'Neill              31     1   2  2  

4 vs 4 Forward 
   Center                   Wing                     Time % Phy DF OF 
 1 Andrei Loktionov         Steve Bernier            60     1   2  2  
 2 Matt Stajan              Sergei Plotnikov         40     1   2  2  

4 vs 4 Defense
   Defense                  Defense                  Time % Phy DF OF 
 1 Zach Bogosian            Michael Kostka           60     1   2  2  
 2 Vladimir Mihalik         Jared Cowen              40     1   2  2  

Last Minutes Offensive
   Center                   Left Wing                Right Wing               Defense                  Defense                  
   Andrei Loktionov         Sergei Plotnikov         Michael Frolik           Zach Bogosian            Wes O'Neill              

Last Minutes Defensive
   Center                   Left Wing                Right Wing               Defense                  Defense                  
   Matt Stajan              Ilya Kovalchuk           Michael Frolik           Michael Kostka           Jared Cowen              

Goaltenders
Starting : Ondrej Pavelec           
Backup : Matt Hackett             

Extra Forwards
Normal : Patrice Cormier, Steve Bernier, Shawn Matthias - PP : Patrice Cormier, Steve Bernier - PK : Shawn Matthias
Extra Defensemen
Normal : Vladimir Mihalik, Wes O'Neill, Michael Kostka - PP : Vladimir Mihalik - PK : Wes O'Neill, Michael Kostka
Penalty Shots
Michael Frolik, Ilya Kovalchuk, Andrei Loktionov, Matt Stajan, Wayne Simmonds

Scratches
None

Flyers

5 vs 5 Forward 
   Center                   Left Wing                Right Wing               Time % Phy DF OF 
 1 Jeff Carter              J.T. Miller              Marcus Kruger            33     0   1  4  
 2 Jordan Nolan             Brock Nelson             Jakub Voracek            32     0   1  4  
 3 Erik Christensen         Drew Miller              Mats Zuccarello          25     0   2  3  
 4 Matthew Lombardi         Chris Mcallister         Ryan Callahan            10     0   4  1  

5 vs 5 Defense 
   Defense                  Defense                                           Time % Phy DF OF 
 1 Oliver Ekman-Larsson     Jonathan Ericsson                                 30     1   3  1  
 2 Jeff Woywitka            Nathan Beaulieu                                   30     1   3  1  
 3 Brian Lashoff            Matt Smaby                                        30     1   3  1  
 4 Oliver Ekman-Larsson     Jeff Woywitka                                     10     1   3  1  

PowerPlay Forward 
   Center                   Left Wing                Right Wing               Time % Phy DF OF 
 1 Jeff Carter              J.T. Miller              Marcus Kruger            50     0   1  4  
 2 Jordan Nolan             Drew Miller              Jakub Voracek            50     0   1  4  

PowerPlay Defense
   Defense                  Defense                                           Time % Phy DF OF 
 1 Oliver Ekman-Larsson     Nathan Beaulieu                                   50     0   2  3  
 2 Jonathan Ericsson        Jeff Woywitka                                     50     0   2  3  

Penalty Kill 4 Players Forward 
   Center                   Wing                     Time % Phy DF OF 
 1 Matthew Lombardi         Chris Mcallister         50     0   4  1  
 2 Jordan Nolan             Drew Miller              50     0   4  1  

Penalty Kill 4 Players Defense
   Defense                  Defense                  Time % Phy DF OF 
 1 Oliver Ekman-Larsson     Brian Lashoff            50     1   4  0  
 2 Jeff Woywitka            Jonathan Ericsson        50     1   4  0  

Penalty Kill - 3 Players Forward 
   Forward                                           Time % Phy DF OF 
 1 Matthew Lombardi                                  50     0   4  1  
 2 Jordan Nolan                                      50     0   4  1  

Penalty Kill - 3 Players Defense
   Defense                  Defense                  Time % Phy DF OF 
 1 Oliver Ekman-Larsson     Brian Lashoff            50     1   4  0  
 2 Jeff Woywitka            Jonathan Ericsson        50     1   4  0  

4 vs 4 Forward 
   Center                   Wing                     Time % Phy DF OF 
 1 Jeff Carter              J.T. Miller              50     0   2  3  
 2 Jordan Nolan             Jakub Voracek            50     0   2  3  

4 vs 4 Defense
   Defense                  Defense                  Time % Phy DF OF 
 1 Oliver Ekman-Larsson     Nathan Beaulieu          50     1   3  1  
 2 Jeff Woywitka            Jonathan Ericsson        50     1   3  1  

Last Minutes Offensive
   Center                   Left Wing                Right Wing               Defense                  Defense                  
   Jeff Carter              J.T. Miller              Jakub Voracek            Oliver Ekman-Larsson     Jeff Woywitka            

Last Minutes Defensive
   Center                   Left Wing                Right Wing               Defense                  Defense                  
   Matthew Lombardi         Drew Miller              Mats Zuccarello          Oliver Ekman-Larsson     Brian Lashoff            

Goaltenders
Starting : Steve Mason              
Backup : Ilya Sorokin             

Extra Forwards
Normal : Jeff Carter, Jordan Nolan, Drew Miller - PP : Jeff Carter, Jordan Nolan - PK : Drew Miller
Extra Defensemen
Normal : Oliver Ekman-Larsson, Jeff Woywitka, Jonathan Ericsson - PP : Oliver Ekman-Larsson - PK : Oliver Ekman-Larsson, Jeff Woywitka
Penalty Shots
Jeff Carter, Jordan Nolan, J.T. Miller, Marcus Kruger, Jakub Voracek

Scratches
Ray Emery (Healthy)

% Time on Ice - Golden Knights

Lines # - Real PCT - Wanted PCT - Time Play
Normal Forward
1 - 38% - 33% - 14:58
2 - 25% - 26% - 9:54
3 - 26% - 26% - 10:28
4 - 11% - 15% - 4:27
Normal Defense
1 - 35% - 35% - 13:47
2 - 34% - 35% - 13:37
3 - 28% - 30% - 11:18
4 - 3% - 0% - 1:05
PP Forward
1 - 46% - 50% - 3:51
2 - 54% - 50% - 4:28
PP Defense
1 - 47% - 50% - 3:55
2 - 53% - 50% - 4:24
PK Forward
1 - 50% - 50% - 5:56
2 - 50% - 50% - 5:58
PK Defense
1 - 46% - 50% - 5:28
2 - 54% - 50% - 6:26
PK3 Forward
1 - 0% - 60%
2 - 0% - 40%
PK3 Defense
1 - 0% - 69%
2 - 0% - 31%
44 Forward
1 - 0% - 60%
2 - 0% - 40%
44 Defense
1 - 0% - 60%
2 - 0% - 40%
Last Minute Offensive  - 0:00
Last Minute Defensive  - 0:00
Total
Forward - 60:00
Defense - 60:00

% Time on Ice - Flyers

Lines # - Real PCT - Wanted PCT - Time Play
Normal Forward
1 - 32% - 33% - 12:46
2 - 28% - 32% - 10:58
3 - 24% - 25% - 9:23
4 - 17% - 10% - 6:40
Normal Defense
1 - 30% - 30% - 12:01
2 - 32% - 30% - 12:47
3 - 34% - 30% - 13:39
4 - 3% - 10% - 1:20
PP Forward
1 - 49% - 50% - 5:52
2 - 51% - 50% - 6:02
PP Defense
1 - 51% - 50% - 6:06
2 - 49% - 50% - 5:48
PK Forward
1 - 49% - 50% - 3:18
2 - 51% - 50% - 3:25
PK Defense
1 - 47% - 50% - 3:08
2 - 53% - 50% - 3:35
PK3 Forward
1 - 56% - 50% - 0:54
2 - 44% - 50% - 0:42
PK3 Defense
1 - 71% - 50% - 1:08
2 - 29% - 50% - 0:28
44 Forward
1 - 0% - 50%
2 - 0% - 50%
44 Defense
1 - 0% - 50%
2 - 0% - 50%
Last Minute Offensive  - 0:00
Last Minute Defensive  - 0:00
Total
Forward - 60:00
Defense - 60:00

Play-by-Play

1st period


0:01 of 1st period - Andrei Loktionov wins face-off versus Jeff Carter in neutral zone.
0:12 of 1st period - Icing by Mathew Dumba.
0:13 of 1st period - Andrei Loktionov wins face-off versus Jordan Nolan in Golden Knights zone.
0:28 of 1st period - Mathew Dumba is hit by Jordan Nolan and loses puck.
0:50 of 1st period - Wrist shot by Jordan Nolan.
0:50 of 1st period - Shot Misses the Net.
1:06 of 1st period - Wrist shot by Michael Frolik.
1:06 of 1st period - Shot Blocked by Brock Nelson.
1:08 of 1st period - Wrist shot by Ilya Kovalchuk.
1:08 of 1st period - Shot Misses the Net.
1:40 of 1st period - Snap shot by Ilya Kovalchuk.
1:40 of 1st period - Shot Hit the Post.
2:02 of 1st period - Snap shot by Andrei Loktionov.
2:02 of 1st period - Stopped by Steve Mason without a rebound.
2:03 of 1st period - Matt Stajan wins face-off versus Erik Christensen in Flyers zone.
2:10 of 1st period - Snap shot by Matt Stajan.
2:10 of 1st period - Stopped by Steve Mason with a rebound.
2:53 of 1st period - Minor Penalty to Vladimir Mihalik for Charging.
2:54 of 1st period - Jeff Carter wins face-off versus Patrice Cormier in Golden Knights zone.
3:01 of 1st period - Slapshot by Jeff Carter.
3:01 of 1st period - Shot Misses the Net.
3:11 of 1st period - Wes O'Neill is hit by Jeff Woywitka and loses puck.
4:28 of 1st period - Wayne Simmonds is hit by Jonathan Ericsson.
4:53 of 1st period - Penalty to Vladimir Mihalik is over, Vladimir Mihalik is back on ice.
4:58 of 1st period - Wrist shot by Chris Mcallister.
4:58 of 1st period - Stopped by Ondrej Pavelec without a rebound.
4:59 of 1st period - Matt Stajan wins face-off versus Matthew Lombardi in Golden Knights zone.
5:02 of 1st period - Snap shot by Ryan Callahan.
5:02 of 1st period - Shot Blocked by Vladimir Mihalik.
5:24 of 1st period - Matt Smaby is hit by Wayne Simmonds and loses puck.
5:32 of 1st period - Icing by Matt Smaby.
5:33 of 1st period - Erik Christensen wins face-off versus Patrice Cormier in Flyers zone.
6:08 of 1st period - Ilya Kovalchuk is hit by Ryan Callahan and loses puck.
6:30 of 1st period - Snap shot by Chris Higgins.
6:30 of 1st period - Shot Misses the Net.
6:46 of 1st period - Marcus Kruger is hit by Shawn Matthias and loses puck.
7:05 of 1st period - Slapshot by Patrice Cormier.
7:05 of 1st period - Stopped by Steve Mason without a rebound.
7:06 of 1st period - Jordan Nolan wins face-off versus Patrice Cormier in Flyers zone.
7:17 of 1st period - Snap shot by Jordan Nolan.
7:17 of 1st period - Shot Misses the Net.
7:19 of 1st period - Snap shot by Brock Nelson.
7:19 of 1st period - Shot Blocked by Steve Bernier.
7:34 of 1st period - Off-side.
7:35 of 1st period - Jeff Carter wins face-off versus Chris Tierney in neutral zone.
7:35 of 1st period - Jeff Carter is hit by Wayne Simmonds.
7:41 of 1st period - Snap shot by Jeff Carter.
7:41 of 1st period - Shot Misses the Net.
7:46 of 1st period - Off-side.
7:47 of 1st period - Chris Tierney wins face-off versus Jeff Carter in neutral zone.
8:04 of 1st period - Slapshot by Chris Higgins.
8:04 of 1st period - Shot Misses the Net.
8:20 of 1st period - Wrist shot by Matt Stajan.
8:20 of 1st period - Stopped by Steve Mason without a rebound.
8:21 of 1st period - Erik Christensen wins face-off versus Matt Stajan in Flyers zone.
8:26 of 1st period - Wrist shot by Matt Stajan.
8:26 of 1st period - Stopped by Steve Mason without a rebound.
8:27 of 1st period - Jeff Carter wins face-off versus Matt Stajan in Flyers zone.
8:41 of 1st period - Off-side.
8:42 of 1st period - Erik Christensen wins face-off versus Chris Tierney in neutral zone.
8:54 of 1st period - Icing by Oliver Ekman-Larsson.
8:55 of 1st period - Erik Christensen wins face-off versus Matt Stajan in Flyers zone.
9:02 of 1st period - Jared Cowen is hit by Mats Zuccarello and loses puck.
9:32 of 1st period - Wrist shot by Erik Christensen.
9:32 of 1st period - Shot Misses the Net.
9:34 of 1st period - Wrist shot by Oliver Ekman-Larsson.
9:34 of 1st period - Stopped by Ondrej Pavelec with a rebound.
9:36 of 1st period - Slapshot by Drew Miller.
9:36 of 1st period - Shot Misses the Net.
9:38 of 1st period - Slapshot by Oliver Ekman-Larsson.
9:38 of 1st period - Shot Blocked by Chris Higgins.
9:42 of 1st period - Snap shot by Drew Miller.
9:42 of 1st period - Deflect By Mats Zuccarello.
9:42 of 1st period - Stopped by Ondrej Pavelec with a rebound.
9:44 of 1st period - Slapshot by Jonathan Ericsson.
9:44 of 1st period - Shot Blocked by Wes O'Neill.
9:57 of 1st period - Wrist shot by Drew Miller.
9:57 of 1st period - Shot Blocked by Jared Cowen.
9:59 of 1st period - Snap shot by Oliver Ekman-Larsson.
9:59 of 1st period - Shot Misses the Net.
10:01 of 1st period - Snap shot by Drew Miller.
10:01 of 1st period - Shot Misses the Net.
10:13 of 1st period - Wrist shot by Erik Christensen.
10:13 of 1st period - Deflect By Mats Zuccarello.
10:13 of 1st period - Shot Misses the Net.
10:13 of 1st period - Puck is out of play.
10:14 of 1st period - Jeff Carter wins face-off versus Matt Stajan in Golden Knights zone.
10:26 of 1st period - Minor Penalty to Matt Stajan for Hooking.
10:27 of 1st period - Chris Tierney wins face-off versus Jeff Carter in Golden Knights zone.
11:48 of 1st period - Ilya Kovalchuk is hit by Jakub Voracek.
12:26 of 1st period - Penalty to Matt Stajan is over, Matt Stajan is back on ice.
12:42 of 1st period - Matt Stajan is hit by Brian Lashoff and loses puck.
15:09 of 1st period - Nathan Beaulieu is hit by Michael Kostka.
15:15 of 1st period - Ilya Kovalchuk is hit by Ryan Callahan and loses puck.
15:28 of 1st period - Jared Cowen is hit by Mats Zuccarello and loses puck.
15:43 of 1st period - Patrice Cormier is hit by Jeff Carter and loses puck.
15:50 of 1st period - Brian Lashoff is hit by Vladimir Mihalik and loses puck.
17:54 of 1st period - Chris Tierney is hit by Chris Mcallister and loses puck.
18:05 of 1st period - Wrist shot by Wayne Simmonds.
18:05 of 1st period - Stopped by Steve Mason with a rebound.
18:13 of 1st period - Wrist shot by Drew Miller.
18:13 of 1st period - Deflect By Mats Zuccarello.
18:13 of 1st period - Stopped by Ondrej Pavelec with a rebound.
18:15 of 1st period - Snap shot by Erik Christensen.
18:15 of 1st period - Stopped by Ondrej Pavelec without a rebound.
18:16 of 1st period - Andrei Loktionov wins face-off versus Jeff Carter in Golden Knights zone.
18:21 of 1st period - Snap shot by Andrei Loktionov.
18:21 of 1st period - Shot Blocked by Jeff Woywitka.
18:29 of 1st period - Wrist shot by Michael Frolik.
18:29 of 1st period - Shot Misses the Net.
18:31 of 1st period - Slapshot by Jared Cowen.
18:31 of 1st period - Shot Misses the Net.
18:33 of 1st period - Snap shot by Wes O'Neill.
18:33 of 1st period - Stopped by Steve Mason without a rebound.
18:34 of 1st period - Matt Stajan wins face-off versus Jordan Nolan in Flyers zone.
18:50 of 1st period - Minor Penalty to Jordan Nolan for Hooking.
18:51 of 1st period - Andrei Loktionov wins face-off versus Matthew Lombardi in Flyers zone.
19:04 of 1st period - Snap shot by Michael Frolik.
19:04 of 1st period - Shot Blocked by Jonathan Ericsson.
19:06 of 1st period - Slapshot by Michael Frolik.
19:06 of 1st period - Shot Blocked by Jonathan Ericsson.
19:08 of 1st period - Wrist shot by Sergei Plotnikov.
19:08 of 1st period - Stopped by Steve Mason without a rebound.
19:09 of 1st period - Erik Christensen wins face-off versus Matt Stajan in Flyers zone.
19:09 of 1st period - Erik Christensen is hit by Ilya Kovalchuk.
Goals for this period are 0 for Golden Knights vs 0 for Flyers.
Shots for this period are 8 for Golden Knights vs 5 for Flyers.

2nd period


0:01 of 2nd period - Erik Christensen wins face-off versus Matt Stajan in neutral zone.
0:15 of 2nd period - Oliver Ekman-Larsson is hit by Ilya Kovalchuk and loses puck.
0:40 of 2nd period - Snap shot by Michael Frolik.
0:40 of 2nd period - Shot Misses the Net.
0:42 of 2nd period - Slapshot by Jared Cowen.
0:42 of 2nd period - Shot Blocked by Brian Lashoff.
0:50 of 2nd period - Penalty to Jordan Nolan is over, Jordan Nolan is back on ice.
0:52 of 2nd period - Jordan Nolan is hit by Andrei Loktionov and loses puck.
1:35 of 2nd period - Snap shot by Jeff Carter.
1:35 of 2nd period - Shot Blocked by Michael Kostka.
1:37 of 2nd period - Slapshot by Oliver Ekman-Larsson.
1:37 of 2nd period - Stopped by Ondrej Pavelec without a rebound.
1:38 of 2nd period - Erik Christensen wins face-off versus Andrei Loktionov in Golden Knights zone.
1:43 of 2nd period - Snap shot by Drew Miller.
1:43 of 2nd period - Shot Hit the Post.
1:45 of 2nd period - Minor Penalty to Mathew Dumba for Tripping.
1:46 of 2nd period - Drew Miller wins face-off versus Patrice Cormier in Golden Knights zone.
3:45 of 2nd period - Penalty to Mathew Dumba is over, Mathew Dumba is back on ice.
3:52 of 2nd period - Zach Bogosian is hit by Nathan Beaulieu and loses puck.
4:03 of 2nd period - Chris Mcallister is hit by Zach Bogosian and loses puck.
4:32 of 2nd period - Matthew Lombardi is hit by Shawn Matthias and loses puck.
5:32 of 2nd period - Slapshot by Matt Stajan.
5:32 of 2nd period - Shot Misses the Net.
6:12 of 2nd period - Mats Zuccarello is hit by Wes O'Neill and loses puck.
6:25 of 2nd period - Mats Zuccarello is hit by Shawn Matthias and loses puck.
6:56 of 2nd period - Backhand shot by J.T. Miller.
6:56 of 2nd period - Stopped by Ondrej Pavelec without a rebound.
6:57 of 2nd period - Jeff Carter wins face-off versus Andrei Loktionov in Golden Knights zone.
7:04 of 2nd period - Slapshot by Marcus Kruger.
7:04 of 2nd period - Shot Misses the Net.
7:06 of 2nd period - Slapshot by Jonathan Ericsson.
7:06 of 2nd period - Stopped by Ondrej Pavelec with a rebound.
7:08 of 2nd period - Slapshot by Jeff Carter.
7:08 of 2nd period - Shot Misses the Net.
7:10 of 2nd period - Slapshot by Marcus Kruger.
7:10 of 2nd period - Stopped by Ondrej Pavelec without a rebound.
7:11 of 2nd period - Matt Stajan wins face-off versus Jordan Nolan in Golden Knights zone.
7:22 of 2nd period - Slapshot by Wes O'Neill.
7:22 of 2nd period - Stopped by Steve Mason without a rebound.
7:23 of 2nd period - Jordan Nolan wins face-off versus Andrei Loktionov in Flyers zone.
7:52 of 2nd period - Backhand shot by Drew Miller.
7:52 of 2nd period - Shot Blocked by Ilya Kovalchuk.
8:14 of 2nd period - Snap shot by Ilya Kovalchuk.
8:14 of 2nd period - Stopped by Steve Mason with a rebound.
8:16 of 2nd period - Wrist shot by Michael Frolik.
8:16 of 2nd period - Goal by Michael Frolik - Golden Knights : 1 - Flyers : 0.
8:17 of 2nd period - Jeff Carter wins face-off versus Matt Stajan in neutral zone.
8:28 of 2nd period - Snap shot by J.T. Miller.
8:28 of 2nd period - Shot Misses the Net.
8:47 of 2nd period - Slapshot by Wayne Simmonds.
8:47 of 2nd period - Shot Misses the Net.
8:49 of 2nd period - Slapshot by Mathew Dumba.
8:49 of 2nd period - Deflect By Wayne Simmonds.
8:49 of 2nd period - Stopped by Steve Mason with a rebound.
8:51 of 2nd period - Wrist shot by Wayne Simmonds.
8:51 of 2nd period - Goal by Wayne Simmonds - Golden Knights : 2 - Flyers : 0.
8:52 of 2nd period - Ilya Kovalchuk wins face-off versus Jeff Carter in neutral zone.
9:05 of 2nd period - Slapshot by Andrei Loktionov.
9:05 of 2nd period - Goal by Andrei Loktionov - Golden Knights : 3 - Flyers : 0.
9:06 of 2nd period - Michael Frolik wins face-off versus Brock Nelson in neutral zone.
9:17 of 2nd period - Slapshot by Jakub Voracek.
9:17 of 2nd period - Stopped by Ondrej Pavelec without a rebound.
9:18 of 2nd period - Matt Stajan wins face-off versus Jeff Carter in Golden Knights zone.
9:43 of 2nd period - Zach Bogosian is hit by Jordan Nolan and loses puck.
9:54 of 2nd period - Wrist shot by Michael Frolik.
9:54 of 2nd period - Shot Misses the Net.
10:06 of 2nd period - Slapshot by Jared Cowen.
10:06 of 2nd period - Stopped by Steve Mason without a rebound.
10:07 of 2nd period - Erik Christensen wins face-off versus Chris Tierney in Flyers zone.
10:16 of 2nd period - Snap shot by Drew Miller.
10:16 of 2nd period - Stopped by Ondrej Pavelec without a rebound.
10:17 of 2nd period - Andrei Loktionov wins face-off versus Jeff Carter in Golden Knights zone.
10:24 of 2nd period - Snap shot by Michael Kostka.
10:24 of 2nd period - Deflect By J.T. Miller.
10:24 of 2nd period - Stopped by Steve Mason without a rebound.
10:25 of 2nd period - Andrei Loktionov wins face-off versus Jeff Carter in Flyers zone.
10:32 of 2nd period - Snap shot by Michael Frolik.
10:32 of 2nd period - Shot Misses the Net.
10:40 of 2nd period - Wrist shot by Marcus Kruger.
10:40 of 2nd period - Stopped by Ondrej Pavelec without a rebound.
10:41 of 2nd period - Matt Stajan wins face-off versus Jordan Nolan in Golden Knights zone.
10:46 of 2nd period - Zach Bogosian is hit by Jordan Nolan and loses puck.
11:08 of 2nd period - Minor Penalty to Brock Nelson for Hooking.
11:09 of 2nd period - Matt Stajan wins face-off versus Jordan Nolan in Flyers zone.
11:22 of 2nd period - Wrist shot by Matt Stajan.
11:22 of 2nd period - Stopped by Steve Mason without a rebound.
11:23 of 2nd period - Matthew Lombardi wins face-off versus Andrei Loktionov in Flyers zone.
11:56 of 2nd period - Zach Bogosian is hit by Matthew Lombardi.
12:04 of 2nd period - Slapshot by Mathew Dumba.
12:04 of 2nd period - Stopped by Steve Mason without a rebound.
12:05 of 2nd period - Matt Stajan wins face-off versus Jordan Nolan in Flyers zone.
13:04 of 2nd period - Andrei Loktionov is hit by Drew Miller.
13:08 of 2nd period - Penalty to Brock Nelson is over, Brock Nelson is back on ice.
13:51 of 2nd period - Jakub Voracek is hit by Shawn Matthias and loses puck.
14:01 of 2nd period - Off-side.
14:02 of 2nd period - Chris Mcallister wins face-off versus Matt Stajan in neutral zone.
14:07 of 2nd period - Snap shot by Chris Mcallister.
14:07 of 2nd period - Stopped by Ondrej Pavelec with a rebound.
14:09 of 2nd period - Snap shot by Nathan Beaulieu.
14:09 of 2nd period - Stopped by Ondrej Pavelec without a rebound.
14:10 of 2nd period - Chris Mcallister wins face-off versus Andrei Loktionov in Golden Knights zone.
14:27 of 2nd period - Slapshot by Ryan Callahan.
14:27 of 2nd period - Stopped by Ondrej Pavelec without a rebound.
14:28 of 2nd period - Matt Stajan wins face-off versus Marcus Kruger in Golden Knights zone.
14:35 of 2nd period - Wrist shot by J.T. Miller.
14:35 of 2nd period - Deflect By Marcus Kruger.
14:35 of 2nd period - Shot Blocked by Vladimir Mihalik.
14:35 of 2nd period - Puck is out of play.
14:36 of 2nd period - Vladimir Zharkov wins face-off versus Jeff Carter in Golden Knights zone.
14:40 of 2nd period - Off-side.
14:41 of 2nd period - Jeff Carter wins face-off versus Andrei Loktionov in neutral zone.
14:44 of 2nd period - Michael Frolik is hit by J.T. Miller and loses puck.
14:57 of 2nd period - Wrist shot by Michael Frolik.
14:57 of 2nd period - Shot Blocked by Brian Lashoff.
15:14 of 2nd period - Snap shot by Brock Nelson.
15:14 of 2nd period - Stopped by Ondrej Pavelec without a rebound.
15:15 of 2nd period - Andrei Loktionov wins face-off versus Jordan Nolan in Golden Knights zone.
15:35 of 2nd period - Minor Penalty to Andrei Loktionov for Tripping.
15:36 of 2nd period - Patrice Cormier wins face-off versus Jordan Nolan in Golden Knights zone.
15:44 of 2nd period - Wrist shot by Jordan Nolan.
15:44 of 2nd period - Stopped by Ondrej Pavelec without a rebound.
15:45 of 2nd period - Chris Tierney wins face-off versus Jordan Nolan in Golden Knights zone.
16:20 of 2nd period - Snap shot by Jakub Voracek.
16:20 of 2nd period - Shot Blocked by Wes O'Neill.
16:55 of 2nd period - Off-side.
16:56 of 2nd period - Jeff Carter wins face-off versus Chris Tierney in neutral zone.
17:35 of 2nd period - Penalty to Andrei Loktionov is over, Andrei Loktionov is back on ice.
17:41 of 2nd period - Chris Mcallister is hit by Matt Stajan and loses puck.
17:50 of 2nd period - Shawn Matthias is hit by Ryan Callahan and loses puck.
18:19 of 2nd period - Off-side.
18:20 of 2nd period - Jordan Nolan wins face-off versus Wayne Simmonds in neutral zone.
18:23 of 2nd period - Wrist shot by Brock Nelson.
18:23 of 2nd period - Deflect By Jordan Nolan.
18:23 of 2nd period - Shot Misses the Net.
18:23 of 2nd period - Puck is out of play.
18:24 of 2nd period - Jordan Nolan wins face-off versus Chris Tierney in Golden Knights zone.
18:35 of 2nd period - Snap shot by Wayne Simmonds.
18:35 of 2nd period - Shot Blocked by Brock Nelson.
18:47 of 2nd period - Slapshot by Wayne Simmonds.
18:47 of 2nd period - Deflect By Chris Higgins.
18:47 of 2nd period - Shot Blocked by Brian Lashoff.
18:47 of 2nd period - Puck is out of play.
18:48 of 2nd period - Jeff Carter wins face-off versus Andrei Loktionov in Flyers zone.
19:15 of 2nd period - Mats Zuccarello is hit by Michael Kostka and loses puck.
19:22 of 2nd period - Wrist shot by Matt Stajan.
19:22 of 2nd period - Stopped by Steve Mason with a rebound.
19:46 of 2nd period - Snap shot by Ryan Callahan.
19:46 of 2nd period - Shot Blocked by Matt Stajan.
Goals for this period are 3 for Golden Knights vs 0 for Flyers.
Shots for this period are 11 for Golden Knights vs 12 for Flyers.

3rd period


0:01 of 3rd period - Andrei Loktionov wins face-off versus Jeff Carter in neutral zone.
0:15 of 3rd period - Minor Penalty to J.T. Miller for Hooking.
0:16 of 3rd period - Matt Stajan wins face-off versus Jordan Nolan in Flyers zone.
0:18 of 3rd period - Snap shot by Ilya Kovalchuk.
0:18 of 3rd period - Shot Blocked by Jeff Woywitka.
0:20 of 3rd period - Wrist shot by Ilya Kovalchuk.
0:20 of 3rd period - Stopped by Steve Mason with a rebound.
0:38 of 3rd period - Minor Penalty to Drew Miller for Hooking.
0:39 of 3rd period - Andrei Loktionov wins face-off versus Matthew Lombardi in Flyers zone.
0:46 of 3rd period - Snap shot by Michael Frolik.
0:46 of 3rd period - Shot Blocked by Brian Lashoff.
0:48 of 3rd period - Slapshot by Zach Bogosian.
0:48 of 3rd period - Shot Blocked by Brian Lashoff.
0:56 of 3rd period - Slapshot by Zach Bogosian.
0:56 of 3rd period - Shot Misses the Net.
1:31 of 3rd period - Jordan Nolan is hit by Andrei Loktionov and loses puck.
2:15 of 3rd period - Penalty to J.T. Miller is over, J.T. Miller is back on ice.
2:38 of 3rd period - Penalty to Drew Miller is over, Drew Miller is back on ice.
2:51 of 3rd period - Snap shot by Wayne Simmonds.
2:51 of 3rd period - Stopped by Steve Mason without a rebound.
2:52 of 3rd period - Chris Higgins wins face-off versus Marcus Kruger in Flyers zone.
3:00 of 3rd period - Minor Penalty to Wayne Simmonds for Hooking.
3:01 of 3rd period - Patrice Cormier wins face-off versus J.T. Miller in Golden Knights zone.
5:00 of 3rd period - Penalty to Wayne Simmonds is over, Wayne Simmonds is back on ice.
5:11 of 3rd period - Mathew Dumba is hit by Matthew Lombardi.
5:19 of 3rd period - Wrist shot by Ryan Callahan.
5:19 of 3rd period - Shot Misses the Net.
5:37 of 3rd period - Mats Zuccarello is hit by Vladimir Zharkov and loses puck.
6:44 of 3rd period - Drew Miller is hit by Shawn Matthias and loses puck.
7:09 of 3rd period - Nathan Beaulieu is hit by Matt Stajan and loses puck.
7:24 of 3rd period - Matt Smaby is hit by Wayne Simmonds and loses puck.
7:46 of 3rd period - Icing by Chris Mcallister.
7:47 of 3rd period - Matthew Lombardi wins face-off versus Andrei Loktionov in Flyers zone.
8:41 of 3rd period - Wrist shot by Chris Higgins.
8:41 of 3rd period - Stopped by Steve Mason without a rebound.
8:42 of 3rd period - Marcus Kruger wins face-off versus Chris Tierney in Flyers zone.
8:51 of 3rd period - Wrist shot by J.T. Miller.
8:51 of 3rd period - Stopped by Ondrej Pavelec with a rebound.
9:13 of 3rd period - Wrist shot by Wayne Simmonds.
9:13 of 3rd period - Stopped by Steve Mason with a rebound.
9:15 of 3rd period - Slapshot by Jared Cowen.
9:15 of 3rd period - Stopped by Steve Mason without a rebound.
9:16 of 3rd period - Andrei Loktionov wins face-off versus Jeff Carter in Flyers zone.
9:31 of 3rd period - Slapshot by Michael Frolik.
9:31 of 3rd period - Shot Misses the Net.
11:03 of 3rd period - Minor Penalty to Ilya Kovalchuk for Hooking.
11:04 of 3rd period - Chris Tierney wins face-off versus Drew Miller in Golden Knights zone.
11:31 of 3rd period - Michael Kostka is hit by Jeff Carter and loses puck.
13:03 of 3rd period - Penalty to Ilya Kovalchuk is over, Ilya Kovalchuk is back on ice.
13:12 of 3rd period - Backhand shot by Brian Lashoff.
13:12 of 3rd period - Shot Blocked by Wes O'Neill.
13:14 of 3rd period - Wrist shot by Ryan Callahan.
13:14 of 3rd period - Stopped by Ondrej Pavelec without a rebound.
13:15 of 3rd period - Chris Mcallister wins face-off versus Andrei Loktionov in Golden Knights zone.
13:18 of 3rd period - Backhand shot by Matthew Lombardi.
13:18 of 3rd period - Stopped by Ondrej Pavelec with a rebound.
13:41 of 3rd period - Andrei Loktionov is hit by Brian Lashoff and loses puck.
14:04 of 3rd period - Andrei Loktionov is hit by Brian Lashoff and loses puck.
14:31 of 3rd period - Snap shot by Andrei Loktionov.
14:31 of 3rd period - Stopped by Steve Mason without a rebound.
14:32 of 3rd period - Jordan Nolan wins face-off versus Matt Stajan in Flyers zone.
14:58 of 3rd period - Minor Penalty to Erik Christensen for Tripping.
14:59 of 3rd period - Matthew Lombardi wins face-off versus Matt Stajan in Flyers zone.
15:15 of 3rd period - Icing by Wes O'Neill.
15:16 of 3rd period - Matthew Lombardi wins face-off versus Matt Stajan in Golden Knights zone.
15:19 of 3rd period - Slapshot by Oliver Ekman-Larsson.
15:19 of 3rd period - Stopped by Ondrej Pavelec with a rebound.
15:25 of 3rd period - Matthew Lombardi is hit by Jared Cowen and loses puck.
15:32 of 3rd period - Slapshot by Ilya Kovalchuk.
15:32 of 3rd period - Shot Misses the Net.
15:52 of 3rd period - Matt Stajan is hit by Oliver Ekman-Larsson and loses puck.
16:12 of 3rd period - Off-side.
16:13 of 3rd period - Jordan Nolan wins face-off versus Andrei Loktionov in neutral zone.
16:58 of 3rd period - Penalty to Erik Christensen is over, Erik Christensen is back on ice.
17:06 of 3rd period - Wrist shot by J.T. Miller.
17:06 of 3rd period - Shot Misses the Net.
17:08 of 3rd period - Slapshot by Matt Smaby.
17:08 of 3rd period - Shot Blocked by Zach Bogosian.
17:10 of 3rd period - Slapshot by Brian Lashoff.
17:10 of 3rd period - Shot Misses the Net.
17:12 of 3rd period - Snap shot by J.T. Miller.
17:12 of 3rd period - Shot Misses the Net.
17:14 of 3rd period - Slapshot by Brian Lashoff.
17:14 of 3rd period - Goal by Brian Lashoff - Golden Knights : 3 - Flyers : 1.
17:15 of 3rd period - Chris Tierney wins face-off versus Erik Christensen in neutral zone.
17:47 of 3rd period - Wrist shot by J.T. Miller.
17:47 of 3rd period - Stopped by Ondrej Pavelec with a rebound.
19:04 of 3rd period - Michael Kostka is hit by Nathan Beaulieu and loses puck.
19:35 of 3rd period - Shawn Matthias is hit by Brian Lashoff and loses puck.
19:52 of 3rd period - Snap shot by Jordan Nolan.
19:52 of 3rd period - Shot Blocked by Patrice Cormier.
Goals for this period are 0 for Golden Knights vs 1 for Flyers.
Shots for this period are 6 for Golden Knights vs 6 for Flyers. Output by the SimonT Hockey Simulator (STHS) for Francois Prevost - Original Page W3C HTML5 Valid
Hockey Simulator - Hockey Simulation - Hockey Manager